Map: [ESL] Royal Blood

Players

Kelazhur

  • Race: Terran Terran
  • League: Master
  • Spawn Location: 1:00

Reynor - Winner!

  • Race: Zerg Zerg
  • League: Master
  • Spawn Location: 7:00

Event: HomeStory Cup XXIII

VOD

Have the link to the VOD?

Description

Time

  • Played on: June 30, 2023, 10:04 a.m.
  • Length: 4:54

All games in this series

Show
View Real Time Build Order
Export as new Build Order

Kelazhur Terran 

Build Orders: Hellion Banshee 

Get SALT Encoding   

  12  0:00  SCV  
  13  0:12  SCV  
  14  0:17  Supply Depot  
  14  0:24  SCV  
  15  0:38  SCV  
  15  0:39  Barracks  
  16  0:43  Refinery  
  16  0:50  SCV  
  17  1:02  SCV  
  18  1:14  SCV  
  19  1:26  Orbital Command, Barracks Reactor  
  19  1:38  Command Center  
  19  1:46  Supply Depot  
  19  1:52  SCV  
  20  2:01  Marine  
  20  2:02  Marine  
  20  2:06  Factory  
  20  2:08  SCV  
  23  2:19  Marine x2  
  23  2:20  SCV  
  26  2:32  SCV  
  26  2:33  Refinery  
  27  2:39  Marine x2  
  29  2:44  SCV  
  29  2:50  Orbital Command  
  30  2:52  Starport  
  30  2:56  SCV  
  31  3:02  Hellion  
  31  3:04  Hellion  
  35  3:08  SCV  
  36  3:13  Barracks Tech Lab  
  36  3:16  SCV  
  37  3:21  SCV  
  37  3:24  Hellion  
  37  3:26  Hellion  
  42  3:28  SCV  
  42  3:33  Supply Depot  
  43  3:35  SCV  
  43  3:43  SCV  
  46  3:48  Hellion  
  46  3:54  Banshee  
  46  3:55  Hellion  
  49  3:56  SCV, Bunker  
  48  4:03  Supply Depot  
  48  4:05  SCV  
  48  4:08  SCV  
  48  4:18  SCV  
  48  4:20  SCV  
  46  4:27  Marine x2  
  46  4:30  SCV  
  31  4:32  SCV  
  36  4:42  SCV  
Show
View Real Time Build Order
Export as new Build Order

Reynor Zerg - Winner!

Build Orders: Hatch First 

Get SALT Encoding   

  12  0:00  Drone  
  13  0:12  Overlord  
  13  0:16  Drone  
  14  0:30  Drone x2  
  16  0:47  Hatchery  
  15  0:50  Drone  
  15  0:54  Drone  
  18  0:57  Drone  
  18  1:08  Extractor  
  17  1:13  Spawning Pool  
  17  1:15  Drone  
  17  1:19  Drone  
  18  1:27  Drone  
  19  1:38  Drone  
  20  1:48  Overlord  
  20  2:00  Queen x2, Zergling x4  
  26  2:08  Metabolic Boost  
  26  2:10  Drone  
  26  2:11  Drone  
  28  2:22  Drone  
  29  2:24  Drone  
  30  2:31  Overlord  
  30  2:34  Drone, Roach Warren  
  30  2:43  Drone  
  31  2:47  Overlord  
  31  2:54  Zergling x2  
  32  3:08  Overlord  
  32  3:15  Roach x5  
  32  3:18  Roach  
  44  3:22  Zergling x4  
  44  3:26  Roach  
  48  3:27  Zergling x2  
  48  3:33  Zergling x2  
  50  3:34  Zergling x2  
  50  3:39  Overlord  
  50  3:40  Zergling x6  
  50  3:41  Zergling x2  
  55  3:46  Zergling x4  
  57  3:49  Zergling x2  
  57  3:56  Overlord  
  57  3:59  Zergling x2  
  57  4:01  Ravager  
  58  4:07  Zergling x2  
  60  4:10  Zergling x2  
  60  4:14  Zergling x4  
  60  4:15  Zergling x6  
  65  4:19  Overlord  
  65  4:23  Zergling x4  
  64  4:30  Ravager  
  61  4:32  Zergling x2  
  61  4:34  Zergling x2  
Tags
 
Add a new tag
Caveats
  • Supply blocks, unpowered buildings, or Contaminate may cause inaccurate times.
  • Supply counts are checked every 10 seconds.